 Dungeon Crawl Stone Soup version 0.20.1-1-g8b1a95d66d (webtiles) character file.

44 Jynx the Insei (level 3, -3/28 HPs)
             Began as a Draconian Transmuter on Dec 27, 2017.
             Slain by Sigmund
             ... wielding a +0 scythe
              (8 damage)
             ... on level 2 of the Dungeon.
             The game lasted 00:04:18 (1231 turns).

Jynx the Insei (Draconian Transmuter)               Turns: 1231, Time: 00:04:18

Health: -3/28      AC:  5    Str: 12    XL:     3   Next: 41%
Magic:  6/6        EV: 12    Int: 15    God:
Gold:   65         SH:  0    Dex: 12    Spells: 0/6 levels left

rFire    . . .     SeeInvis .     - Unarmed
rCold    . . .     Gourm    .   (no shield)
rNeg     . . .     Faith    .   (armour unavailable)
rPois    .         Spirit   .   (helmet restricted)
rElec    .         Reflect  .   (no cloak)
rCorr    .         Harm     .   (no gloves)
MR       .....                  (no boots)
Stlth    +.........             q - amulet of regeneration
Regen    0.5/turn               m - +2 ring of intelligence
MPRegen  0.1/turn               i - ring of flight

@: confused
A: unfitting armour, cold-blooded, AC +5
a: Evoke Flight


You were on level 2 of the Dungeon.
You were not hungry.

You visited 1 branch of the dungeon, and saw 2 of its levels.

You collected 65 gold pieces.

Inventory:

Missiles
 a - 12 arrows
Jewellery
 i - a ring of flight (right hand)
 m - a +2 ring of intelligence (left hand)
 q - an amulet of regeneration (around neck)
Scrolls
 e - a scroll of enchant armour {unknown}
 f - 2 scrolls of remove curse {unknown}
 g - a scroll of fear {unknown}
 k - a scroll of blinking {unknown}
 l - a scroll of recharging {unknown}
Potions
 d - 2 potions of might {unknown}
 h - a potion of brilliance {unknown}
 j - 2 potions of flight {unknown}
 n - a potion of degeneration {unknown}
Books
 b - a book of Changes

   Spells                             Type                      Level
   a - Beastly Appendage              Transmutation                1
   b - Sticks to Snakes               Transmutation                2
   c - Spider Form                    Transmutation/Poison         3
   d - Ice Form                       Ice/Transmutation            4
   e - Blade Hands                    Transmutation                5
Comestibles
 c - 2 bread rations
 o - 2 fruits
 p - 2 chunks of flesh


   Skills:
 - Level 1.3 Fighting
 - Level 2.2 Dodging
 - Level 3.8 Unarmed Combat
 + Level 2.2 Spellcasting
 * Level 2.2 Transmutations
 + Level 0.0 Poison Magic


You couldn't memorise any spells.
You knew the following spells:

 Your Spells              Type           Power        Failure   Level  Hunger
a - Beastly Appendage     Tmut           #.....       9%          1    #......
b - Sticks to Snakes      Tmut           #.......     13%         2    ###....
c - Spider Form           Tmut/Pois      #.........   38%         3    ###....


Dungeon Overview and Level Annotations

Branches:
Dungeon (2/15)

Altars:

Annotations:
D:2 Sigmund


Innate Abilities, Weirdness & Mutations

Your plain brown scales are hard. (AC +5)
You cannot fit into any form of body armour.
You are cold-blooded and may be slowed by cold attacks.


Message History

You punch something! You punch something.
You hear some strange, mumbled words.
A puff of flame appears from out of thin air!
The puff of flame misses you.
You hit something. Something barely misses you.
You completely miss something. You hit something but do no damage.
You hear some strange, mumbled words.
You are confused.
You miss something. Something hits you!
You closely miss something. You tail-slap something.
You hear some strange, mumbled words.
A puff of flame appears from out of thin air!
The puff of flame hits you!
You hear some strange, mumbled words.
A puff of flame appears from out of thin air!
The puff of flame hits you!
* * * LOW HITPOINT WARNING * * *
You completely miss something. Something hits you!
You die...

#.## #.# ..#######.#####
..............# #.
#.#######.###.# #.###.#
##.# #.# #.#.#<# #..# #.#
#. #.....######.## #.# #.
#.....{......####.####
#....@#####[..........
.#####.#.#.######.###......
...................##..###.
####.....(>#####..##..# #.
#.......>#............# #.
#.##.......######.##.## #.
# ##.......# #.##.# #.
#.#.###.# .##.# .. #...#
#.### .... #.#


There were no monsters in sight!

Vanquished Creatures
  2 oozes
  A worm (D:1)
  A leopard gecko (D:1)
  A giant cockroach (D:1)
  5 goblins
  4 jackals (D:1)
  6 kobolds (D:1)
  6 bats (D:1)
  2 frilled lizards (D:1)
  5 rats (D:1)
33 creatures vanquished.

Notes
Turn   | Place    | Note
-------+----------+-------------------------------------------
     0 | D:1      | Jynx the Draconian Transmuter began the quest for the Orb.
     0 | D:1      | Reached XP level 1. HP: 16/16 MP: 3/3
   282 | D:1      | Reached XP level 2. HP: 20/23 MP: 3/5
   861 | D:1      | Reached XP level 3. HP: 27/28 MP: 4/6
  1135 | D:2      | Noticed Sigmund
  1203 | D:1      | Learned a level 2 spell: Sticks to Snakes
  1207 | D:1      | Learned a level 3 spell: Spider Form
  1231 | D:2      | Slain by Sigmund

Skill      XL: |  1 |
---------------+----+-----
Dodging        | 2 |  2.2
Fighting       | |  1.3
Unarmed Combat | |  3.8
Spellcasting   | |  2.2
Transmutations | |  2.2

Action                   || total
-------------------------++-------
Melee: Unarmed           ||   127
       Headbutt          ||     9
       Tailslap          ||    10
       Punch             ||     3
 Cast: Beastly Appendage ||    10
  Use: Scroll            ||     3
  Eat: Chunk             ||     1
Armor: Skin              ||    48
Dodge: Dodged            ||   107
